 Dungeon Crawl Stone Soup version 0.30-a0-424-g7412bad402 (webtiles) character file.

Game seed: 11641994502026969789

42 zishaf the Gusty (level 3, 0/20 HPs)
             Began as a Tengu Air Elementalist on Dec 9, 2022.
             Slain by an orc
             ... wielding a +0 club
              (2 damage)
             ... on level 2 of the Dungeon.
             The game lasted 00:00:40 (785 turns).

zishaf the Gusty (Tengu Air Elementalist)            Turns: 785, Time: 00:00:40

Health: 0/20       AC:  2    Str:  8    XL:     3   Next: 54%
Magic:  0/7        EV: 12    Int: 17    God:
Gold:   44         SH:  0    Dex: 14    Spells: 5/6 levels left

rFire   . . .      SeeInvis .    (no weapon)
rCold   . . .      Faith    .    (no shield)
rNeg    . . .      Spirit   .    a - +0 robe
rPois   .          Reflect  .    (helmet restricted)
rElec   .          Harm     .    (no cloak)
rCorr   .          Rampage  .    (no gloves)
Will    .....                    (boots unavailable)
Stlth   ++........               (no amulet)
HPRegen 0.23/turn                (no ring)
MPRegen 0.10/turn                (no ring)

@: no status effects
A: beak, talons 3
a: no special abilities


You were on level 2 of the Dungeon.
You visited 1 branch of the dungeon, and saw 2 of its levels.

You collected 44 gold pieces.

Inventory:

Armour
 a - a +0 robe (worn)
Scrolls
 c - 2 scrolls of enchant weapon {unknown}
 d - a scroll of teleportation {unknown}
 e - 3 scrolls of identify {unknown}
 f - a scroll of enchant armour {unknown}
Potions
 b - a potion of magic
 g - a potion of resistance {unknown}


   Skills:
 + Level 1.5 Fighting
 - Level 2.1 Dodging
 - Level 2.0 Stealth
 - Level 2.0 Spellcasting
 + Level 2.7 Conjurations
 + Level 4.7 Air Magic


You had 5 spell levels left.
You knew the following spells:

 Your Spells              Type           Power      Damage    Failure   Level
a - Shock                 Conj/Air       56%        1d6       4%          1

Your spell library contained the following spells:

 Spells                   Type           Power      Damage    Failure   Level
 Static Discharge         Conj/Air       28%        2-4/arc   6%          2
 Swiftness                Air            17%        N/A       9%          3
 Airstrike                Air            8%         2d(2-18)  28%         4


Dungeon Overview and Level Annotations

Branches:
Dungeon (2/15)

Altars:


Innate Abilities, Weirdness & Mutations

You have a beak for a mouth.
You have claws for feet.


Message History

Aim: an orc priest, wielding a +0 flail and wearing a +3 leather armour (severely wounded, 68% to hit)
The zap hits the orc priest.
The orc priest is severely wounded.
The orc priest calls down the wrath of Beogh upon you.
Beogh smites you!
Ouch! That really hurt!
* * * LOW HITPOINT WARNING * * *
Casting: Shock (safe; 6% risk of failure)
Confirm with . or Enter, or press ? or * to list all spells.
You don't have enough magic to cast this spell.
You hit the orc priest. Your kick misses the orc priest.
Your peck misses the orc priest.
The orc priest is severely wounded.
The orc priest barely misses you.
You barely miss the orc priest. You claw the orc priest.
You kill the orc priest!
You have reached level 3!
Your experience leads to an increase in your attributes!
Increase (S)trength, (I)ntelligence, or (D)exterity?
You feel clever. x2
You hit the orc but do no damage. The orc hits you with a +0 club.
* * * LOW HITPOINT WARNING * * *
Casting: Shock (safe; 4% risk of failure)
Confirm with . or Enter, or press ? or * to list all spells.
Aiming: Shock (safe; 4% risk of failure)
Press: ? - help, Shift-Dir - straight line, f - orc
Aim: an orc, wielding a +0 club (71% to hit)
The zap hits the orc.
The orc is heavily wounded.
The zap hits the ball python.
The ball python is moderately wounded.
The orc hits you with a +0 club.
* * * LOW HITPOINT WARNING * * *
You hit the orc but do no damage. You peck the orc.
The orc is severely wounded.
The orc closely misses you.
You hit the orc. Your kick misses the orc.
The orc is almost dead.
The orc hits you with a +0 club.
You die...

#.##.# ..#
#.##.#########.#
#..........(##.###
####.######.##...#
#.# ##...#.#.##.#
#.# ##.#..........#
#.###.##..#######..
#........## ⌠o#
#####.##@# o.#
##.#o# ...# #.S#
~.# #†.)# ..# #.#.#
#....# #.###.# #.#
#.# #> #..


You could see an orc and a ball python.

Vanquished Creatures
  An orc priest (D:2)
  A worm (D:1)
  2 bats
  2 endoplasms (D:1)
  A giant cockroach (D:1)
  A hobgoblin (D:1)
  A quokka (D:1)
  2 ball pythons (D:1)
11 creatures vanquished.

Notes
Turn   | Place    | Note
-------+----------+-------------------------------------------
     0 | D:1      | zishaf the Tengu Air Elementalist began the quest for the
                  | Orb.
     0 | D:1      | Reached XP level 1. HP: 10/10 MP: 4/4
   305 | D:1      | Reached XP level 2. HP: 10/16 MP: 1/6
   577 | D:1      | Reached skill level 1 in Fighting
   780 | D:2      | Reached XP level 3. HP: 5/20 MP: 0/7
   783 | D:2      | HP: 1/20 [orc/+0 club (1)]
   785 | D:2      | Slain by an orc

Illustrated notes

Levels and vault maps discovered:
D:1:      tarquinn_simple_flora_water_c, layout_basic, minmay_fountain_box,
          nicolae_wormholes
D:2:      cheibrodos_pilgrimage, layout_loops_ring, serial_shops,
          nicolae_shop_waterfront, basic_altar

Skill      XL: |  1  2 |
---------------+-------+-----
Conjurations   | 2 |  2.7
Fighting       | 1 |  1.5
Dodging        | |  2.1
Stealth        | |  2.0
Spellcasting   | |  2.0
Air Magic      | |  4.7

Action                   || total
-------------------------++-------
Melee: Unarmed           ||    12
       Peck              ||     3
       Kick              ||     2
 Cast: Shock             ||    27
Armor: Robe              ||     1
Dodge: Dodged            ||     2

Table legend: (Time is in decaauts)
 A = Elapsed time spent in this place.
 B = Non-inter-level travel time spent in this place.
 C = Inter-level travel time spent in this place.
 D = Time resting spent in this place.
 E = Time spent auto-exploring this place.
 F = Levels seen in this place.
 G = Mean time per level.
                   A        B        C        D        E       F      G
               +--------+--------+--------+--------+--------+-----+--------+
         Total |    784 |    755 |     29 |      0 |    682 |   2 |  392.0 |
       Dungeon |    784 |    755 |     29 |      0 |    682 |   2 |  392.0 |
               +--------+--------+--------+--------+--------+-----+--------+

Top non-repeatable levels by time:
     D:1: 722 daAuts
     D:2: 62 daAuts
